 Dungeon Crawl Stone Soup version 0.30.1-11-g7821555f0a (webtiles) character file.

Game seed: 13352690215532163637

159 KittyFluff the Cudgeller (level 5, -1/49 HPs)
             Began as a Gargoyle Berserker on Nov 16, 2023.
             Was a Believer of Trog.
             Killed by divine providence
             ... invoked by an orc priest
              (12 damage)
             ... on level 4 of the Dungeon.
             The game lasted 00:07:28 (2133 turns).

KittyFluff the Cudgeller (Gargoyle Berserker)       Turns: 2133, Time: 00:07:29

Health: -1/49      AC:  9    Str: 28    XL:     5   Next: 40%
Magic:  5/5        EV: 11    Int:  8    God:    Trog [**....]
Gold:   126        SH:  0    Dex:  9    Spells: 4/4 levels left

rFire   . . .        a - +0 mace
rCold   . . .        (no shield)
rNeg    + . .        k - +0 leather armour
rPois   ∞            s - +0 helmet
rElec   +            b - +0 cloak
rCorr   .            (no gloves)
SInv    +            (no boots)
Will    .....        (no amulet) Stlth
                     e - ring of see invisible
HPRegen 0.28/turn    g - +6 ring of strength
MPRegen 0.09/turn

%: no passive effects
@: berserking, very quick
A: sickness immunity, AC +4, negative energy resistance 1, electricity
resistance, torment resistance 1, petrification resistance
a: Renounce Religion, Berserk, Trog's Hand


You were on level 4 of the Dungeon.
You worshipped Trog.
Trog was pleased with you.
You visited 1 branch of the dungeon, and saw 4 of its levels.

You collected 126 gold pieces.

Inventory:

Hand Weapons
 a - a +0 mace (weapon)
 n - a +0 sling
 o - a +0 sling
Missiles
 f - 5 poisoned darts (quivered)
 j - a throwing net
Armour
 b - a +0 cloak (worn)
 k - a +0 leather armour (worn)
 s - a +0 helmet (worn)
Jewellery
 e - a ring of see invisible (left hand)
 g - a +6 ring of strength (right hand)
Wands
 y - a wand of roots (4)
Scrolls
 h - a scroll of blinking
 i - a scroll of enchant weapon {unknown}
 l - a scroll of noise {unknown}
 p - a scroll of magic mapping {unknown}
 q - a scroll of fear {unknown}
 r - 2 scrolls of teleportation {unknown}
 v - a scroll of vulnerability {unknown}
 w - a scroll of fog {unknown}
 x - a scroll of enchant armour {unknown}
Potions
 c - a potion of flight
 m - 2 potions of haste
 t - 2 potions of curing {unknown}
 u - a potion of attraction {unknown}
 z - a potion of heal wounds {unknown}


   Skills:
 + Level 3.8 Fighting
 * Level 4.1 Maces & Flails
 * Level 3.5 Armour
 + Level 2.2 Dodging
 + Level 1.8 Stealth


You had 4 spell levels left.
You didn't know any spells.
Your spell library was empty.

Dungeon Overview and Level Annotations

Branches:
Dungeon (4/15)
 Temple: D:4-7

Altars:


Innate Abilities, Weirdness & Mutations

You are immune to sickness and miasma.
Your stone body is resilient. (AC +4)
You are immune to poison.
You resist negative energy. (rN+)
You are resistant to electric shocks. (rElec)
You are resistant to unholy torment.
You are immune to petrification.


Message History

a +0 short sword; 4 stones You open the door.
An orc priest comes into view. It is wielding a +0 dagger.
There is an open door here. 2 orcs come into view.
The orc shouts!
The orc priest shouts!
The jackal bites you but does no damage. x2
The orc priest hits you with a +0 dagger.
There is an open door here.
You sock the jackal!
You kill the jackal!
Trog accepts your kill. The orc closely misses you.
You see here a jackal corpse.
There is an open door here.
You barely miss the orc priest.
The orc priest hits you but does no damage.
You barely miss the orc priest.
The orc priest calls down the wrath of Beogh upon you.
Beogh smites you!
You barely miss the orc priest. You hit the orc.
The orc is severely wounded.
The orc barely misses you.
You barely miss the orc.
The orc is severely wounded.
The orc hits you with a +0 hand axe.
* * * LOW HITPOINT WARNING * * *
You barely miss the orc.
The orc is severely wounded.
The orc hits you but does no damage.
A red film seems to cover your vision as you go berserk!
You feel yourself moving faster!
You feel mighty! The orc hits you but does no damage.
You hit the orc.
You kill the orc!
Trog accepts your kill.
The orc priest calls down the wrath of Beogh upon you.
Beogh smites you!
You die...

#.....#......
#####.###.#####
#..............
#######.###.###.#####
#........##.# #..[..#
#....)...##.# #####.#
#........##.# #†#
#........##.#######.#
####@######.#......<.
#o# #.#.#######
#o.......# #......
......... .......
########## #.#...#
....#. #.... . ##.S .
#.. ##


You could see an orc priest and an orc.

Vanquished Creatures
  Jessica (D:3)
  7 adders
  2 worms
  An orc (D:4)
  7 ball pythons
  8 endoplasms
  4 giant cockroaches
  5 goblins
  4 hobgoblins
  3 jackals (D:4)
  2 quokkas (D:1)
  3 bats
  3 frilled lizards
  6 kobolds
  5 rats
61 creatures vanquished.

Notes
Turn   | Place    | Note
-------+----------+-------------------------------------------
     0 | D:1      | KittyFluff the Gargoyle Berserker began the quest for the
                  | Orb.
     0 | D:1      | Reached XP level 1. HP: 14/14 MP: 1/1
   105 | D:1      | Reached XP level 2. HP: 19/19 MP: 2/2
   465 | D:1      | Reached XP level 3. HP: 23/23 MP: 3/3
   599 | D:1      | Reached ** piety under Trog
   772 | D:2      | Reached skill level 1 in Stealth
  1005 | D:2      | Reached XP level 4. HP: 27/28 MP: 4/4
  1024 | D:2      | Found a faded altar of an unknown god.
  1910 | D:3      | Noticed Jessica
  1917 | D:3      | Killed Jessica
  1918 | D:3      | Reached skill level 4 in Maces & Flails
  1918 | D:3      | Reached XP level 5. HP: 32/33 MP: 5/5
  2133 | D:4      | Killed from afar by an orc priest

Illustrated notes

Levels and vault maps discovered:
D:1:      dpeg_arrival_rooms_a, layout_loops_cross
D:2:      layout_rooms, dreamdust_ecumenical_altar_statues, serial_bayou_pond_e
D:3:      layout_basic, minmay_fractal_squares_5, uniq_jessica
D:4:      layout_basic, uniq_duvessa

Skill      XL: |  1  2  3  4 |
---------------+-------------+-----
Stealth        | 1 |  1.8
Dodging        | 2 |  2.2
Armour         | 3 |  3.5
Maces & Flails | 4 |  4.1
Fighting       | |  3.8

Action                     |  1- 3 |  4- 6 || total
---------------------------+-------+-------++-------
  Melee: Mace              |    99 |    91 ||   190
         Punch             |     2 |     1 ||     3
 Invoke: Berserk           |       |     1 ||     1
    Use: Scroll            |       |     3 ||     3
 Armour: Animal skin       |    14 |       ||    14
         Leather armour    |    24 |    61 ||    85
  Dodge: Dodged            |    70 |    69 ||   139
